[ AOE2 MATCH · #506421348 ]
UnrankedSpanish vs Burmese
Player's team · LOSS
Rival team · WIN
[ REPLAY ANALYSIS · EXTRACTED FROM THE RECORDED GAME ]
Feudal
8:57
Castle
25:57
Imperial
—
| APM avg | 58.1 |
| APM peak | 95 |
| eAPM avg | 24.5 |
| Villagers / military | 85 / 61 |
Focus
⚔️ 32.4% · 🌾 67.6%
Scout Cavalry ×21 · Archer ×19 · Knight ×12 · Militia ×3 · Scorpion ×3 · Monk ×2
Feudal
9:16
Castle
21:57
Imperial
—
| APM avg | 80.1 |
| APM peak | 129 |
| eAPM avg | 32.6 |
| Villagers / military | 107 / 129 |
Focus
⚔️ 58.7% · 🌾 41.3%
Cavalry Archer ×76 · Archer ×37 · Skirmisher ×6 · Militia ×4 · Knight ×3 · Monk ×2
Match map
Initial resources + every placement click. Lines = walls · curves = elevation contours. ◆ gold · ⬟ stone · ● berries · ✦ relic · ◌ wall gap
Your base· Open — 4t gap
老天鵝's base· Open — 1t gap
Smoothed initial terrain · ◌ = detected wall gap · hover for details
Inputs per minute
— boanaan - - 老天鵝
Build order — boanaan
First 150 of 242 actions detected
| 0:01 | Create | Villager (Male) |
| 0:02 | Build | House |
| 0:02 | Build | House |
| 0:12 | Create | Villager (Male) |
| 0:12 | Create | Villager (Male) |
| 0:17 | Create | Villager (Male) |
| 1:25 | Create | Villager (Male) |
| 1:50 | Build | Lumber Camp |
| 1:56 | Create | Villager (Male) |
| 1:56 | Create | Villager (Male) |
| 2:25 | Create | Villager (Male) |
| 2:48 | Create | Villager (Male) |
| 3:08 | Create | Villager (Male) |
| 3:34 | Create | Villager (Male) |
| 3:53 | Build | House |
| 3:59 | Build | Mill |
| 4:11 | Create | Villager (Male) |
| 4:34 | Create | Villager (Male) |
| 4:34 | Create | Villager (Male) |
| 4:52 | Create | Villager (Male) |
| 5:30 | Create | Villager (Male) |
| 5:57 | Create | Villager (Male) |
| 6:18 | Research | Loom |
| 6:37 | Build | Barracks |
| 6:47 | Research | Feudal Age |
| 7:29 | Build | House |
| 7:36 | Build | Mining Camp |
| 7:44 | Create | Militia |
| 7:44 | Create | Militia |
| 7:44 | Create | Militia |
| 7:58 | Create | Villager (Male) |
| 8:02 | Build | House |
| 8:08 | Build | Palisade Wall |
| 8:13 | Build | Palisade Wall |
| 8:35 | Create | Villager (Male) |
| 8:57 | Age | Feudal Age |
| 9:01 | Build | Archery Range |
| 9:04 | Build | Palisade Wall |
| 9:15 | Research | Double-Bit Axe |
| 9:20 | Create | Villager (Male) |
| 9:53 | Create | Archer |
| 9:58 | Create | Villager (Male) |
| 10:12 | Create | Villager (Male) |
| 10:22 | Build | Farm |
| 10:30 | Create | Villager (Male) |
| 10:39 | Create | Archer |
| 10:57 | Create | Villager (Male) |
| 11:09 | Build | Farm |
| 11:11 | Create | Archer |
| 11:15 | Create | Villager (Male) |
| 11:53 | Create | Villager (Male) |
| 11:55 | Create | Archer |
| 12:02 | Build | House |
| 12:02 | Build | House |
| 12:18 | Create | Villager (Male) |
| 12:22 | Build | Blacksmith |
| 12:32 | Create | Archer |
| 12:36 | Build | Farm |
| 12:52 | Build | Farm |
| 13:00 | Create | Villager (Male) |
| 13:26 | Create | Villager (Male) |
| 13:29 | Research | Fletching |
| 13:30 | Create | Archer |
| 13:36 | Build | Farm |
| 13:40 | Create | Villager (Male) |
| 14:02 | Create | Archer |
| 14:05 | Create | Villager (Male) |
| 14:06 | Build | Stable |
| 14:15 | Build | Farm |
| 14:30 | Build | House |
| 14:33 | Build | House |
| 14:35 | Build | House |
| 14:40 | Create | Archer |
| 14:41 | Create | Villager (Male) |
| 14:52 | Build | House |
| 14:59 | Create | Scout Cavalry |
| 15:00 | Research | Padded Archer Armor |
| 15:02 | Create | Villager (Male) |
| 15:41 | Create | Villager (Male) |
| 15:48 | Build | Farm |
| 15:49 | Build | Farm |
| 15:52 | Build | Farm |
| 16:04 | Create | Archer |
| 16:04 | Create | Villager (Male) |
| 16:11 | Build | House |
| 16:12 | Build | Palisade Wall |
| 16:15 | Build | Farm |
| 16:21 | Build | Farm |
| 16:22 | Build | Farm |
| 16:23 | Research | Horse Collar |
| 16:33 | Create | Villager (Male) |
| 16:41 | Create | Scout Cavalry |
| 16:53 | Build | Farm |
| 16:55 | Create | Archer |
| 16:56 | Create | Villager (Male) |
| 17:01 | Build | House |
| 17:03 | Build | Palisade Wall |
| 17:05 | Build | House |
| 17:21 | Create | Villager (Male) |
| 17:31 | Create | Scout Cavalry |
| 17:48 | Create | Villager (Male) |
| 17:55 | Create | Archer |
| 18:14 | Build | Stable |
| 18:16 | Create | Villager (Male) |
| 18:18 | Create | Archer |
| 18:41 | Create | Villager (Male) |
| 18:43 | Create | Scout Cavalry |
| 18:47 | Research | Scale Barding Armor |
| 18:50 | Build | Farm |
| 18:57 | Build | Lumber Camp |
| 19:13 | Create | Villager (Male) |
| 19:18 | Research | Bloodlines |
| 19:19 | Create | Scout Cavalry |
| 19:21 | Create | Archer |
| 19:39 | Create | Villager (Male) |
| 19:40 | Create | Scout Cavalry |
| 19:50 | Create | Archer |
| 19:53 | Create | Scout Cavalry |
| 20:01 | Build | Farm |
| 20:02 | Build | Farm |
| 20:14 | Create | Villager (Male) |
| 20:17 | Create | Archer |
| 20:17 | Create | Archer |
| 20:29 | Create | Scout Cavalry |
| 20:39 | Create | Villager (Male) |
| 20:56 | Create | Scout Cavalry |
| 21:00 | Create | Villager (Male) |
| 21:02 | Build | Archery Range |
| 21:05 | Build | Farm |
| 21:21 | Create | Villager (Male) |
| 21:28 | Create | Archer |
| 21:34 | Build | Farm |
| 21:34 | Build | Farm |
| 21:35 | Build | Farm |
| 21:35 | Build | Farm |
| 21:47 | Create | Villager (Male) |
| 21:58 | Create | Archer |
| 21:58 | Create | Archer |
| 22:11 | Create | Villager (Male) |
| 22:12 | Build | Market |
| 23:08 | Create | Villager (Male) |
| 23:16 | Research | Castle Age |
| 23:19 | Build | House |
| 23:23 | Build | House |
| 23:24 | Create | Scout Cavalry |
| 23:34 | Create | Scout Cavalry |
| 23:51 | Create | Scout Cavalry |
| 23:51 | Create | Scout Cavalry |
| 23:53 | Build | Lumber Camp |
| 24:14 | Create | Scout Cavalry |
Build order — 老天鵝
First 150 of 349 actions detected
| 0:01 | Create | Villager (Male) |
| 0:02 | Build | House |
| 0:07 | Create | Villager (Male) |
| 0:14 | Create | Villager (Male) |
| 0:14 | Create | Villager (Male) |
| 1:33 | Build | House |
| 1:34 | Build | House |
| 1:36 | Create | Villager (Male) |
| 1:58 | Create | Villager (Male) |
| 2:18 | Build | Lumber Camp |
| 2:22 | Create | Villager (Male) |
| 2:54 | Create | Villager (Male) |
| 2:55 | Create | Villager (Male) |
| 3:10 | Create | Villager (Male) |
| 3:40 | Create | Villager (Male) |
| 4:12 | Create | Villager (Male) |
| 4:40 | Create | Villager (Male) |
| 4:40 | Create | Villager (Male) |
| 5:10 | Build | Barracks |
| 5:18 | Create | Villager (Male) |
| 5:22 | Create | Villager (Male) |
| 6:01 | Build | House |
| 6:07 | Create | Villager (Male) |
| 6:27 | Research | Loom |
| 6:58 | Build | Mining Camp |
| 7:03 | Research | Feudal Age |
| 7:03 | Research | Feudal Age |
| 7:16 | Create | Militia |
| 7:16 | Create | Militia |
| 7:17 | Create | Militia |
| 7:50 | Build | House |
| 7:54 | Create | Militia |
| 7:58 | Build | Palisade Wall |
| 7:59 | Build | Palisade Wall |
| 8:25 | Create | Villager (Male) |
| 8:44 | Build | Mill |
| 9:01 | Build | Palisade Wall |
| 9:16 | Age | Feudal Age |
| 9:18 | Research | Man-at-Arms (upgrade) |
| 9:23 | Create | Villager (Male) |
| 9:41 | Build | Archery Range |
| 10:17 | Create | Villager (Male) |
| 10:33 | Create | Villager (Male) |
| 10:34 | Create | Archer |
| 10:37 | Create | Villager (Male) |
| 10:37 | Create | Villager (Male) |
| 11:01 | Create | Villager (Male) |
| 11:02 | Create | Archer |
| 11:03 | Create | Archer |
| 11:15 | Create | Villager (Male) |
| 11:18 | Build | House |
| 11:25 | Build | Blacksmith |
| 11:37 | Create | Archer |
| 11:37 | Create | Archer |
| 11:41 | Create | Villager (Male) |
| 11:49 | Build | Farm |
| 11:54 | Build | House |
| 12:05 | Create | Archer |
| 12:10 | Build | Farm |
| 12:17 | Build | House |
| 12:20 | Research | Wheelbarrow |
| 12:28 | Build | Palisade Wall |
| 12:31 | Create | Villager (Male) |
| 12:39 | Research | Fletching |
| 12:40 | Create | Skirmisher |
| 12:40 | Create | Skirmisher |
| 12:45 | Build | Farm |
| 12:46 | Build | Palisade Wall |
| 12:47 | Build | Palisade Wall |
| 12:48 | Build | Palisade Wall |
| 12:49 | Build | Palisade Wall |
| 12:50 | Build | Palisade Wall |
| 12:54 | Create | Villager (Male) |
| 12:59 | Build | Farm |
| 13:09 | Build | Farm |
| 13:26 | Create | Skirmisher |
| 13:26 | Create | Skirmisher |
| 13:30 | Create | Skirmisher |
| 13:38 | Create | Villager (Male) |
| 14:00 | Create | Villager (Male) |
| 14:01 | Build | Farm |
| 14:02 | Build | Farm |
| 14:50 | Create | Skirmisher |
| 14:51 | Build | Farm |
| 14:52 | Build | Farm |
| 15:06 | Create | Villager (Male) |
| 15:06 | Create | Villager (Male) |
| 15:06 | Create | Villager (Male) |
| 15:26 | Create | Villager (Male) |
| 15:26 | Create | Villager (Male) |
| 15:28 | Build | Farm |
| 15:29 | Build | Farm |
| 15:31 | Build | Farm |
| 15:31 | Build | Farm |
| 15:58 | Create | Archer |
| 15:59 | Create | Archer |
| 16:25 | Build | Archery Range |
| 16:30 | Create | Archer |
| 16:52 | Create | Archer |
| 16:52 | Create | Archer |
| 16:53 | Create | Villager (Male) |
| 17:00 | Create | Spearman |
| 17:21 | Create | Archer |
| 17:22 | Build | House |
| 17:35 | Create | Archer |
| 17:35 | Create | Archer |
| 17:47 | Create | Archer |
| 18:05 | Create | Villager (Male) |
| 18:06 | Create | Villager (Male) |
| 18:18 | Create | Archer |
| 18:18 | Create | Archer |
| 18:22 | Create | Villager (Male) |
| 18:28 | Create | Villager (Male) |
| 18:38 | Build | House |
| 19:17 | Research | Castle Age |
| 19:18 | Research | Castle Age |
| 19:19 | Create | Archer |
| 19:19 | Create | Archer |
| 19:39 | Create | Archer |
| 19:39 | Create | Archer |
| 19:40 | Create | Villager (Male) |
| 19:43 | Build | Lumber Camp |
| 19:47 | Build | House |
| 19:50 | Create | Archer |
| 19:50 | Create | Archer |
| 19:55 | Build | Archery Range |
| 19:57 | Build | Palisade Wall |
| 20:03 | Create | Archer |
| 20:03 | Create | Archer |
| 20:39 | Create | Archer |
| 20:39 | Create | Archer |
| 20:39 | Create | Archer |
| 20:39 | Create | Archer |
| 20:46 | Research | Gold Mining |
| 20:46 | Research | Gold Mining |
| 21:05 | Create | Archer |
| 21:06 | Create | Archer |
| 21:15 | Create | Archer |
| 21:16 | Create | Archer |
| 21:34 | Build | House |
| 21:35 | Build | House |
| 21:36 | Build | House |
| 21:39 | Build | House |
| 21:55 | Create | Archer |
| 21:57 | Create | Archer |
| 21:57 | Age | Castle Age |
| 21:59 | Research | Bodkin Arrow |
| 22:02 | Research | Bodkin Arrow |
| 22:03 | Research | Crossbowman (upgrade) |
| 22:03 | Research | Crossbowman (upgrade) |
Match timeline
| 5:10 | 老天鵝 · first_building Barracks |
| 6:37 | boanaan · first_building Barracks |
| 7:58 | 老天鵝 · wall_segment Palisade Wall x8 |
| 7:59 | 老天鵝 · wall_segment Palisade Wall x1 |
| 8:08 | boanaan · wall_segment Palisade Wall x1 |
| 8:13 | boanaan · wall_segment Palisade Wall x4 |
| 8:57 | boanaan · age_up feudal |
| 9:01 | 老天鵝 · wall_segment Palisade Wall x1 |
| 9:01 | boanaan · first_building Archery Range |
| 9:04 | boanaan · wall_segment Palisade Wall x1 |
| 9:16 | 老天鵝 · age_up feudal |
| 9:41 | 老天鵝 · first_building Archery Range |
| 12:28 | 老天鵝 · wall_segment Palisade Wall x7 |
| 12:46 | 老天鵝 · wall_segment Palisade Wall x1 |
| 12:47 | 老天鵝 · wall_segment Palisade Wall x1 |
| 12:48 | 老天鵝 · wall_segment Palisade Wall x1 |
| 12:49 | 老天鵝 · wall_segment Palisade Wall x1 |
| 12:50 | 老天鵝 · wall_segment Palisade Wall x6 |
| 14:06 | boanaan · first_building Stable |
| 16:12 | boanaan · wall_segment Palisade Wall x1 |
| 17:03 | boanaan · wall_segment Palisade Wall x4 |
| 19:57 | 老天鵝 · wall_segment Palisade Wall x1 |
| 21:57 | 老天鵝 · age_up castle |
| 23:10 | boanaan · first_market_sell 500 wood |
| 23:12 | boanaan · first_market_buy 100 food |
| 25:23 | boanaan · wall_segment Palisade Wall x1 |
| 25:23 | boanaan · wall_segment Palisade Wall x1 |
| 25:39 | 老天鵝 · wall_segment Palisade Wall x1 |
| 25:57 | boanaan · age_up castle |
| 26:52 | 老天鵝 · first_building Stable |
| 30:56 | 老天鵝 · first_building Monastery |
| 31:08 | boanaan · first_building Monastery |
| 32:22 | boanaan · first_building Siege Workshop |
| 33:53 | boanaan · resign |
[ AI ANALYSIS · 1 CREDIT ]
What really happened in this match?
Wolo.gg analyzes every decision: build order, eco, micro, common mistakes by bracket. Personalized analysis on WhatsApp or Discord in 30 seconds.
Civ guide
Spanish
Perfil
Jugador #23000509